Map: [ESL] Site Delta

Players

Creator - Winner!

  • Race: Protoss Protoss
  • Spawn Location: 11:00

Kelazhur

  • Race: Terran Terran
  • Spawn Location: 5:00

Event: ESL Spring 2024 Finals

VOD

Have the link to the VOD?

Description

Time

  • Played on: May 31, 2024, 12:16 p.m.
  • Length: 12:38

All games in this series

Show
View Real Time Build Order
Export as new Build Order

Creator Protoss - Winner!

Build Orders: Blink Stalkers 

Get SALT Encoding   

  12  0:00  Probe  
  13  0:12  Probe  
  14  0:18  Pylon  
  14  0:24  Probe (Chrono Boost)  
  15  0:37  Probe (Chrono Boost)  
  15  0:38  Gateway  
  16  0:45  Assimilator, Probe (Chrono Boost)  
  17  0:51  Probe  
  18  1:03  Probe  
  19  1:15  Probe  
  20  1:27  Cybernetics Core  
  20  1:29  Probe  
  20  1:31  Pylon  
  21  1:41  Probe  
  22  1:54  Nexus  
  22  2:00  Adept (Chrono Boost)  
  22  2:03  Assimilator  
  22  2:06  Probe  
  25  2:09  Warp Gate  
  25  2:18  Probe  
  25  2:20  Adept (Chrono Boost)  
  28  2:30  Probe  
  28  2:34  Twilight Council  
  29  2:42  Probe  
  30  2:55  Shield Battery  
  30  2:58  Probe  
  31  3:06  Stalker, Blink (Chrono Boost), Probe  
  31  3:10  Probe  
  35  3:19  Probe  
  36  3:26  Gateway  
  36  3:29  Gateway  
  36  3:30  Pylon  
  36  3:36  Probe x2  
  38  3:43  Robotics Facility  
  38  3:48  Probe x2  
  40  3:58  Stalker  
  40  4:01  Probe (Chrono Boost)  
  43  4:05  Probe (Chrono Boost)  
  43  4:07  Pylon  
  43  4:12  Probe (Chrono Boost)  
  43  4:15  Probe (Chrono Boost)  
  43  4:16  Probe (Chrono Boost)  
  45  4:21  Stalker x2  
  45  4:23  Stalker  
  52  4:27  Probe x2  
  52  4:30  Observer  
  53  4:53  Nexus  
  53  4:56  Probe (Chrono Boost)  
  53  4:59  Pylon  
  55  5:00  Probe (Chrono Boost)  
  56  5:07  Robotics Bay, Probe (Chrono Boost)  
  56  5:11  Assimilator, Observer, Probe (Chrono Boost)  
  56  5:12  Assimilator, Probe (Chrono Boost)  
  59  5:17  Stalker  
  59  5:20  Probe  
  62  5:22  Probe  
  62  5:24  Pylon  
  62  5:27  Shield Battery  
  63  5:30  Shield Battery  
  63  5:32  Probe  
  64  5:39  Probe  
  65  5:44  Sentry, Probe  
  65  5:46  Stalker x2  
  71  5:51  Probe  
  71  5:55  Pylon  
  73  5:57  Pylon, Probe (Chrono Boost)  
  73  6:03  Colossus (Chrono Boost)  
  74  6:05  Probe (Chrono Boost)  
  74  6:08  Probe (Chrono Boost)  
  82  6:14  Probe (Chrono Boost)  
  82  6:16  Sentry, Probe (Chrono Boost), Pylon  
  86  6:18  Probe (Chrono Boost)  
  86  6:21  Probe (Chrono Boost)  
  87  6:30  Phoenix  
  84  6:34  Stalker x2  
  84  6:37  Probe x3  
  91  6:47  Colossus (Chrono Boost)  
  91  6:48  Forge  
  91  6:49  Probe x2  
  91  6:50  Probe  
  100  6:59  Zealot x2, Sentry  
  106  7:02  Pylon  
  106  7:10  Extended Thermal Lance (Chrono Boost)  
  106  7:14  Gateway  
  106  7:26  Stalker x2  
  106  7:28  Probe x3  
  107  7:37  Colossus (Chrono Boost)  
  107  7:39  Protoss Ground Weapons Level 1 (Chrono Boost)  
  107  7:43  Gateway x2, Probe x3  
  114  7:46  Gateway  
  114  7:53  Stalker, Nexus  
  114  7:57  Stalker  
  116  8:02  Charge  
  116  8:03  Stalker  
  116  8:04  Probe  
  116  8:05  Probe x2  
  121  8:11  Pylon  
  121  8:16  Zealot  
  121  8:17  Pylon  
  121  8:19  Zealot  
  125  8:29  Photon Cannon  
  125  8:32  Zealot x2  
  125  8:33  Shield Battery  
  133  8:38  Sentry, Photon Cannon  
  133  8:39  Stalker  
  131  8:57  Pylon, Probe x2  
  131  9:00  Gateway  
  131  9:01  Robotics Facility  
  133  9:03  Gateway  
  133  9:05  Probe, Pylon  
  133  9:06  Zealot x2  
  138  9:10  Gateway, Templar Archives  
  138  9:11  Photon Cannon  
  138  9:16  Protoss Ground Weapons Level 2 (Chrono Boost)  
  138  9:17  Stalker x3  
  142  9:26  Probe x2  
  142  9:27  Probe x2  
  142  9:28  Assimilator  
  142  9:30  Pylon  
  146  9:31  Zealot x2  
  150  9:38  Assimilator  
  150  9:39  Pylon  
  150  9:40  Pylon  
  150  9:47  Warp Prism (Chrono Boost), Pylon  
  152  9:52  High Templar  
  152  9:53  High Templar  
  152  9:57  Zealot x2, Archon, Pylon  
  152  10:10  Stalker x3  
  152  10:11  Zealot x2  
  152  10:13  Immortal (Chrono Boost)  
  160  10:15  Zealot  
  160  10:18  Stalker  
  160  10:19  Zealot  
  170  10:23  Nexus  
  170  10:26  Zealot x2  
  174  10:35  Zealot x4  
  182  10:40  Stalker, High Templar x2  
  184  10:48  Archon  
  181  10:51  Stalker x3  
  183  10:58  Disruptor  
  187  11:04  Zealot x4  
  191  11:13  Stalker x2  
  190  11:23  High Templar x2  
  190  11:24  Zealot x2  
  190  11:25  Zealot x2  
  196  11:33  Disruptor (Chrono Boost)  
  196  11:38  Archon  
  188  11:41  Zealot  
  188  11:42  Zealot x2  
  188  11:44  Nexus  
  188  11:46  Robotics Facility  
  188  11:48  Zealot x2  
  188  11:49  Zealot  
  186  11:57  Zealot x4  
  186  11:58  Disruptor (Chrono Boost)  
  172  12:03  Stalker  
  172  12:04  Stalker x2  
  178  12:08  Zealot x2  
  182  12:20  Stalker x2  
  186  12:24  Shield Battery  
  186  12:26  Photon Cannon  
  186  12:31  Zealot x5  
  186  12:32  Zealot x2  
Show
View Real Time Build Order
Export as new Build Order

Kelazhur Terran 

Build Orders: Cyclone Opening 

Get SALT Encoding   

  12  0:00  SCV  
  13  0:12  SCV  
  14  0:16  Supply Depot  
  14  0:24  SCV  
  14  0:27  Refinery  
  15  0:38  SCV  
  16  0:45  Barracks  
  16  0:50  SCV  
  17  1:02  SCV  
  18  1:06  Engineering Bay  
  18  1:14  SCV  
  19  1:32  Orbital Command, Marine  
  20  1:36  Factory  
  20  1:52  Barracks Reactor  
  20  1:59  SCV  
  21  2:03  Supply Depot  
  21  2:11  SCV  
  21  2:15  Command Center  
  22  2:24  SCV, Cyclone  
  25  2:30  Marine x2  
  25  2:36  SCV  
  28  2:38  Supply Depot  
  28  2:47  Starport  
  28  2:49  SCV  
  29  2:54  Refinery  
  29  2:57  Widow Mine  
  31  3:01  SCV  
  31  3:05  Marine  
  33  3:06  Marine  
  34  3:13  SCV  
  34  3:18  Widow Mine  
  37  3:22  Marine  
  37  3:23  Marine  
  39  3:28  SCV  
  39  3:30  Medivac  
  42  3:40  Marine, Widow Mine  
  45  3:41  Marine  
  45  3:43  SCV  
  45  3:46  Orbital Command  
  47  3:55  Supply Depot  
  47  3:56  SCV  
  47  3:58  Marine  
  47  3:59  Marine  
  50  4:06  Starport Tech Lab  
  50  4:08  SCV  
  51  4:11  Factory Tech Lab  
  51  4:13  SCV  
  51  4:14  Barracks  
  51  4:17  Marine x2  
  54  4:25  Supply Depot, SCV x2  
  54  4:29  Bunker  
  54  4:30  Raven  
  58  4:37  SCV x2  
  60  4:47  Siege Tank  
  60  4:48  Marine x2  
  60  4:49  SCV  
  64  4:53  SCV  
  64  4:56  Supply Depot  
  65  5:00  Supply Depot, Barracks  
  65  5:01  SCV  
  65  5:05  SCV  
  65  5:06  Refinery  
  67  5:10  Marine x2, Stimpack  
  67  5:13  SCV  
  70  5:17  Starport Reactor  
  70  5:18  SCV  
  71  5:24  Siege Tank  
  71  5:25  SCV  
  75  5:29  Supply Depot, Marine x2  
  75  5:30  SCV, Marine  
  79  5:36  Engineering Bay  
  79  5:37  SCV  
  79  5:42  SCV  
  81  5:49  SCV  
  82  5:51  Marine x2, Marauder  
  82  5:54  SCV  
  82  5:56  Medivac  
  88  5:58  Medivac  
  88  6:00  Refinery  
  91  6:07  Supply Depot  
  91  6:08  Command Center  
  91  6:11  Marine x2  
  89  6:12  Factory Reactor  
  89  6:17  Marauder  
  93  6:18  SCV  
  93  6:27  Medivac  
  93  6:30  Combat Shield, Marine x2  
  93  6:31  Marauder  
  97  6:36  Supply Depot, SCV x2  
  97  6:47  Marauder  
  97  6:48  SCV  
  97  6:49  SCV, Barracks  
  97  6:51  Barracks  
  97  6:53  Marine x2  
  101  6:57  Terran Infantry Weapons Level 1  
  101  6:58  Marauder  
  103  7:03  Widow Mine x2  
  103  7:07  Medivac  
  109  7:09  SCV  
  110  7:19  Concussive Shells  
  110  7:20  SCV, Marine x2, Marauder  
  110  7:21  SCV  
  111  7:24  SCV  
  108  7:35  Marauder  
  105  7:37  Marine x2  
  105  7:42  Medivac  
  105  7:43  Medivac  
  111  7:45  SCV x2  
  112  7:52  Marauder  
  112  7:54  Widow Mine x2  
  112  7:55  Barracks Tech Lab, Barracks Reactor  
  112  7:57  SCV  
  119  7:59  Marine x2, Marauder  
  119  8:03  Armory  
  119  8:04  Engineering Bay  
  123  8:07  SCV  
  123  8:11  SCV  
  125  8:13  Orbital Command  
  125  8:23  Supply Depot, Marauder x2  
  125  8:24  Supply Depot  
  125  8:26  Supply Depot  
  125  8:30  Marine x2, Marauder, Armory  
  125  8:31  Missile Turret  
  125  8:32  Engineering Bay  
  129  8:38  Marine x2  
  131  8:41  Widow Mine  
  131  8:45  Marauder x2, Widow Mine  
  139  8:51  Marauder  
  139  8:52  Marine  
  139  8:53  SCV  
  128  8:56  Marine x2  
  128  9:00  Marine  
  128  9:01  Viking x2  
  133  9:04  Terran Infantry Weapons Level 2  
  133  9:05  Terran Infantry Armor Level 1  
  133  9:06  Marauder  
  135  9:11  Widow Mine  
  135  9:12  Widow Mine  
  135  9:16  Marine x2, Marauder x2  
  138  9:25  Marine  
  138  9:26  Ghost Academy  
  138  9:29  Marine, Refinery x2, Marauder  
  142  9:34  SCV x3, Marine x2  
  142  9:35  Command Center  
  142  9:37  Supply Depot, Marine  
  142  9:38  Marauder  
  150  9:44  Viking x2  
  154  9:48  Marine x2  
  154  9:49  Missile Turret  
  156  9:59  Marauder  
  158  10:05  Starport  
  153  10:08  Marine x2, Marauder  
  153  10:12  Ghost  
  153  10:14  Viking x2  
  159  10:16  Marine x2  
  159  10:19  Ghost  
  159  10:21  Supply Depot  
  165  10:23  Supply Depot  
  165  10:25  Supply Depot  
  165  10:27  Supply Depot  
  165  10:37  Supply Depot  
  165  10:42  SCV x3, Marine x3, Ghost  
  173  10:45  Viking x2  
  173  10:53  Marine x2, Marauder  
  158  11:00  Marine x3  
  145  11:08  Orbital Command  
  145  11:10  Marine  
  134  11:11  Marauder x2  
  134  11:15  Marauder, Viking  
  134  11:18  Marine x3  
  137  11:28  Marine  
  142  11:32  Marauder  
  142  11:33  Marauder  
  142  11:36  Marauder  
  142  11:37  Marine x2  
  142  11:39  Viking  
  148  11:54  Marauder x2  
  148  11:57  Marauder  
  147  12:03  Marine x2  
  147  12:04  SCV x3  
  147  12:07  Marine x2  
  155  12:10  Orbital Command  
  152  12:15  Marauder x2  
  152  12:20  SCV x3, Marine  
Tags
 
Add a new tag
Caveats
  • Supply blocks, unpowered buildings, or Contaminate may cause inaccurate times.
  • Supply counts are checked every 10 seconds.